 Dungeon Crawl Stone Soup version 0.25-a0-516-g7d600cd (webtiles) character file.

Game seed: 318306460654399475, levelgen mode: deterministic

102 Firecrotchwizard the Poker (level 4, -1/55 HPs)
             Began as a Merfolk Berserker on Feb 17, 2020.
             Was a Believer of Trog.
             Splashed by a jelly's acid (7 damage)
             ... on level 3 of the Dungeon.
             The game lasted 00:04:12 (1769 turns).

Firecrotchwizard the Poker (Merfolk Berserker)      Turns: 1769, Time: 00:04:13

Health: -1/55      AC: -4    Str: 23    XL:     4   Next: 77%
Magic:  4/4        EV: 10    Int:  6    God:    Trog [**....]
Gold:   117        SH:  0    Dex: 17    Spells: 3/3 levels left

rFire    . . .     SeeInvis +   a - +0 spear
rCold    . . .     Gourm    .   (no shield)
rNeg     . . .     Faith    .   q - +0 chain mail
rPois    .         Spirit   .   o - +1 helmet
rElec    .         Reflect  .   (no cloak)
rCorr    .         Harm     .   (no gloves)
MR       .....                  r - +0 pair of boots (curse)
Stlth    ..........             h - amulet of regeneration {+regen, !d}
HPRegen  0.58/turn              k - +4 ring of dexterity
MPRegen  0.09/turn              l - ring of see invisible {sInv, !d}

@: berserking, corroded, very quick
A: change form in water, swift swim, stealthy swim
a: Berserk, Trog's Hand, Renounce Religion


You were on level 3 of the Dungeon.
You worshipped Trog.
Trog was pleased with you.
You were very hungry.

You visited 1 branch of the dungeon, and saw 3 of its levels.

You collected 117 gold pieces.

Inventory:

Hand Weapons
 a - a +0 spear (weapon)
Armour
 b - a +0 animal skin
 f - a +0 scale mail
   (You found it on level 2 of the Dungeon)
 o - a +1 helmet (worn)
   (You took it off Robin on level 2 of the Dungeon)
 q - a +0 chain mail (worn)
   (You found it on level 2 of the Dungeon)
 r - a cursed +0 pair of boots (worn)
   (You found it on level 2 of the Dungeon)
Jewellery
 h - an amulet of regeneration (around neck) {+regen, !d}
   (You found it on level 1 of the Dungeon)
 k - a +4 ring of dexterity (left hand)
   (You found it on level 1 of the Dungeon)
 l - a ring of see invisible (right hand) {sInv, !d}
   (You found it on level 1 of the Dungeon)
Scrolls
 e - a scroll of fear {unknown}
 g - 5 scrolls of identify
 i - 2 scrolls of teleportation {unknown}
 j - 2 scrolls of magic mapping {unknown}
 t - a scroll of fog {unknown}
Potions
 d - 2 potions of curing {unknown}
 m - a potion of lignification {unknown}
 p - a potion of magic {unknown}
 s - 2 potions of heal wounds {unknown}
Comestibles
 c - 4 rations


   Skills:
 + Level 3.9 Fighting
 * Level 6.0 Polearms
 + Level 2.0 Armour
 + Level 3.6 Dodging


You had 3 spell levels left.
You didn't know any spells.
Your spell library was empty.

Dungeon Overview and Level Annotations

Branches:
Dungeon (3/15)

Altars:
Kikubaaqudgha

Annotations:
D:2 1 runed translucent door, Crazy Yiuf


Message History

d - 2 dark potions (gained 1)
t - a scroll labeled BEUSATR PURGHIY You now have 91 gold pieces (gained 7).
Health restored: 37
c - 4 rations (gained 1)
You see here a +0 club.
There is a stone staircase leading down here.
You open the door.
There is an open door here.
There is an open door here.
You see here a +0 club.
There is an open door here.
Things that are here:
a +0 club; a +0 dagger
There is an open door here.
Things that are here:
a +0 mace of draining; a stone You see here a +0 club.
All of the chunks of flesh in your inventory have rotted away.
Crazy Yiuf shouts!
Crazy Yiuf yells, "Defame snockshim ladder!"
Search for what [Enter for "arm", or ? for help]? arm
(D) Dungeon
Where to? (Enter - D:2 @ (x,y), ? - help)
You see here a +0 club.
Things that are here:
a +0 mace of draining; a stone
There is an open door here.
Things that are here:
a +0 club; a +0 dagger
There is an open door here.
You see here a +0 club.
There is an open door here.
There is an open door here.
There is a stone staircase leading down here.
You climb downwards.
There is a stone staircase leading up here.
You start putting on your armour.
You continue putting on your pair of boots. x4
You finish putting on your cursed +0 pair of boots.
Oops, that feels deathly cold.
There is a stone staircase leading up here.
You now have 104 gold pieces (gained 13).
j - 2 scrolls labeled NIFOCH YTIROS (gained 1)
You open the door.
There is an open door here.
g - 5 scrolls labeled CUYKO ZAGIDD (gained 1)
g - 6 scrolls labeled CUYKO ZAGIDD (gained 1)
You are feeling hungry.
You may need something to eat soon, looking for food.
Can't find anything matching that.
Okay, then.
As you read the scroll labeled CUYKO ZAGIDD, it crumbles to dust.
It is a scroll of identify.
h - an uncursed amulet of regeneration The amulet throbs as it attunes itself to your uninjured body.
h - an amulet of regeneration (around neck) {+regen, !d} You open the door.
There is an open door here.
Found a stone staircase leading down.
A quokka comes into view.
A jelly comes into view.
You see here 13 gold pieces.
You now have 117 gold pieces (gained 13).
The jelly quivers.
You hit the quokka.
The quokka bites you but does no damage.
You hit the quokka.
You kill the quokka!
Trog accepts your kill.
You hit the jelly but do no damage. The acid corrodes you!
Your hands burn!
The jelly barely misses you.
You take 4 damage, and have 33/37 hp.
You hit the jelly but do no damage.
Your hands burn!
The jelly hits you but does no damage.
You take 4 damage, and have 29/37 hp.
You hit the jelly.
Your hands burn!
You take 4 damage, and have 25/37 hp.
You are too injured to fight recklessly!
You are too injured to fight recklessly!
You are too injured to fight recklessly!
Unknown command.
You hit the jelly. The acid corrodes you!
Your hands burn!
The jelly misses you.
You take 3 damage, and have 22/37 hp.
You hit the jelly but do no damage. The acid corrodes you!
Your hands burn!
The jelly hits you.
You are splashed with acid!
* * * LOW HITPOINT WARNING * * *
You take 14 damage, and have 8/37 hp.
MASSIVE DAMAGE!!
A red film seems to cover your vision as you go berserk!
You feel yourself moving faster!
You feel mighty!
You are feeling very hungry.
The jelly barely misses you.
You now have 13/55 hp.
You hit the jelly. The acid corrodes you!
Your hands burn!
* * * LOW HITPOINT WARNING * * *
The jelly hits you.
* * * LOW HITPOINT WARNING * * *
The acid corrodes you!
You are splashed with acid!
You die...

... .. #.# .. #.
.# #.## .# #.J#
.# #@##.# #..#.#
##.#.# #...#
######..#
#......>#
#.#######
#############...#
...........##...#


You could see a jelly.

Vanquished Creatures
  An iguana (D:2)
  Robin (D:2)
  2 adders (D:2)
  A leopard gecko (D:2)
  3 bats
  9 goblins (D:2)
  11 hobgoblins
  2 jackals (D:2)
  A quokka (D:3)
  2 frilled lizards
  6 kobolds
  5 rats
44 creatures vanquished.

Notes
Turn   | Place    | Note
-------+----------+-------------------------------------------
     0 | D:1      | Firecrotchwizard the Merfolk Berserker began the quest for
                  | the Orb.
     0 | D:1      | Reached XP level 1. HP: 18/18 MP: 1/1
   264 | D:1      | Reached XP level 2. HP: 23/24 MP: 2/2
   720 | D:2      | Reached skill level 3 in Dodging
   775 | D:2      | Found a runed translucent door.
   776 | D:2      | Noticed Crazy Yiuf
   822 | D:2      | Noticed Robin
   827 | D:2      | Reached skill level 5 in Polearms
   831 | D:2      | Killed Robin
   831 | D:2      | Reached XP level 3. HP: 29/29 MP: 3/3
   840 | D:2      | Reached ** piety under Trog
  1150 | D:2      | Reached XP level 4. HP: 29/37 MP: 4/4
  1284 | D:2      | Reached skill level 2 in Armour
  1300 | D:2      | Found an ancient bone altar of Kikubaaqudgha.
  1341 | D:2      | Reached skill level 6 in Polearms
  1767 | D:3      | HP: 8/37 [acid (8)]
  1769 | D:3      | Splashed by a jelly's acid

Levels and vault maps discovered:
D:1:      kennysheep_arrival_forest, layout_rooms, grunt_decor_arrowhead,
          minmay_misc_feat_enclosed
D:2:      layout_basic, kiku_gazebo_garden_becter, first_ration,
          uniq_crazy_yiuf_cottage, uniq_robin
D:3:      layout_basic

Skill      XL: |  1  2  3  4 |
---------------+-------------+-----
Dodging        | 3 |  3.6
Polearms       | 5 6 |  6.0
Armour         | 2 |  2.0
Fighting       | |  3.9

Action                   |  1- 3 |  4- 6 || total
-------------------------+-------+-------++-------
Melee: Spear             |    84 |    60 ||   144
Invok: Berserk           |     1 |     1 ||     2
  Use: Scroll            |       |     1 ||     1
 Stab: Sleeping          |     2 |       ||     2
  Eat: Chunk             |     2 |     1 ||     3
Armor: Animal skin       |     2 |       ||     2
       Scale mail        |    11 |       ||    11
       Chain mail        |     7 |    27 ||    34
Dodge: Dodged            |    44 |    31 ||    75

Table legend:
 A = Non-vault XP
 B = Vault XP
 C = Vault XP percentage of total XP
 D = Non-vault monster count
 E = Vault monster count
 F = Vault count percentage of total count
                 A         B        C        D         E       F
            +---------+---------+-------+---------+---------+-------
      Total |     109 |      37 |  25.3 |      32 |      12 |  27.3
            +---------+---------+-------+---------+---------+-------
        D:1 |      12 |       0 |   0.0 |       9 |       0 |   0.0
        D:2 |      95 |      37 |  28.0 |      22 |      12 |  35.3
        D:3 |       2 |       0 |   0.0 |       1 |       0 |   0.0
            +---------+---------+-------+---------+---------+-------

Levels and vault maps discovered:
D:1:      kennysheep_arrival_forest, layout_rooms, grunt_decor_arrowhead,
          minmay_misc_feat_enclosed
D:2:      layout_basic, kiku_gazebo_garden_becter, first_ration,
          uniq_crazy_yiuf_cottage, uniq_robin
D:3:      layout_basic

Table legend:
 A = Turns spent in this place as a percentage of turns spent in the entire game.
 B = Non-inter-level travel turns spent in this place as a percentage of non-inter-level travel turns spent in the entire game.
 C = Inter-level travel turns spent in this place as a percentage of turns spent in this place.
 D = Turns resting spent in this place as a percentage of non-inter-level travel turns spent in this place.
 E = Turns spent auto-exploring this place as a percentage of non-inter-level travel turns spent in this place.
 F = Non-inter-level travel turns spent in this place divided by the number of levels of this place that you've seen.
                   A       B       C       D       E      F
               +-------+-------+-------+-------+-------+----------------------
         Total | 100.0 | 100.0 |   6.8 |  16.5 |  63.5 | 549.7
       Dungeon | 100.0 | 100.0 |   6.8 |  16.5 |  63.5 | 549.7
               +-------+-------+-------+-------+-------+----------------------

Table legend:
 A = Kills in this place as a percentage of kills in entire the game.
 B = Kills by you in this place as a percentage of kills by you in the entire game.
 C = Kills by friends in this place as a percentage of kills by friends in the entire game.
 D = Other kills in this place as a percentage of other kills in the entire game.
 E = Experience gained in this place as a percentage of experience gained in the entire game.
 F = Experience gained in this place divided by the number of levels of this place that you have seen.
                   A       B       C       D       E      F
               +-------+-------+-------+-------+-------+----------------------
         Total | 100.0 | 100.0 |   N/A |   N/A | 100.0 |  48.7
       Dungeon | 100.0 | 100.0 |   N/A |   N/A | 100.0 |  48.7
               +-------+-------+-------+-------+-------+----------------------
